 Dungeon Crawl Stone Soup version 0.28.0-1-gb440e238dd (webtiles) character file.

Game seed: 16826985197025537938

646 Ablot the Grasshopper (level 7, -2/56 HPs)
             Began as a Gnoll Warper on Feb 24, 2022.
             Killed by divine providence
             ... invoked by an orc priest
              (13 damage)
             ... on level 4 of the Dungeon.
             The game lasted 00:08:48 (4497 turns).

Ablot the Grasshopper (Gnoll Warper)                Turns: 4497, Time: 00:08:49

Health: -2/56      AC:  6    Str: 18    XL:     7   Next: 52%
Magic:  13/15      EV: 13    Int: 13    God:
Gold:   132        SH:  0    Dex: 11    Spells: 15/17 levels left

rFire   . . .      SeeInvis +   F - +1 shortbow (freeze)
rCold   . . .      Faith    .   (shield currently unavailable)
rNeg    . . .      Spirit   .   b - +0 leather armour
rPois   .          Reflect  .   w - +0 helmet {SInv}
rElec   .          Harm     .   C - +0 cloak
rCorr   .          Rampage  .   B - +0 pair of gloves
Will    +....                   (no boots)
Stlth   ++........              (no amulet)
HPRegen 0.18/turn               q - +6 ring of strength
MPRegen 0.14/turn               y - ring of willpower

@: on blink cooldown
A: fangs 1, strong nose, distributed training
a: no special abilities


You were on level 4 of the Dungeon.
You visited 1 branch of the dungeon, and saw 4 of its levels.

You collected 204 gold pieces.
You spent 72 gold pieces at shops.

Inventory:

Hand Weapons
 a - a +0 trident
 s - a +2 dagger of venom
 D - a +4 flail of holy wrath
 F - a +1 shortbow of freezing (weapon)
Missiles
 d - 5 boomerangs of dispersal
 g - 131 stones
 i - 5 atropa-tipped darts
 p - 21 arrows (quivered ammo)
 A - 14 bolts
 G - 2 poisoned darts
Armour
 b - a +0 leather armour (worn)
 w - a +0 helmet of see invisible (worn)
 B - a +0 pair of gloves (worn)
 C - a +0 cloak (worn)
Magical Staves
 h - a staff of conjuration
Jewellery
 q - a +6 ring of strength (left hand)
 y - a ring of willpower (right hand)
Scrolls
 c - a scroll of blinking
 e - a scroll of torment {unknown}
 f - a scroll of amnesia {unknown}
 n - a scroll of enchant armour {unknown}
 o - 2 scrolls of fog {unknown}
 t - 4 scrolls of identify {unknown}
 u - a scroll of magic mapping {unknown}
Potions
 j - a potion of cancellation {unknown}
 k - a potion of ambrosia {unknown}
 l - 2 potions of haste {unknown}
 m - 3 potions of flight {unknown}
 r - a potion of brilliance {unknown}
 v - a potion of magic {unknown}
 x - a potion of might {unknown}
 z - a potion of curing {unknown}
 E - a potion of mutation {unknown}


   Skills:
 + Level 5.2 Fighting
 + Level 2.5 Short Blades
 + Level 2.5 Long Blades
 + Level 2.5 Axes
 + Level 2.5 Maces & Flails
 + Level 5.2 Polearms
 + Level 2.5 Staves
 + Level 2.5 Slings
 + Level 2.5 Bows
 + Level 2.5 Crossbows
 + Level 3.6 Throwing
 + Level 3.6 Armour
 + Level 5.2 Dodging
 + Level 2.5 Stealth
 + Level 2.5 Shields
 + Level 2.5 Unarmed Combat
 + Level 5.6 Spellcasting
 + Level 2.0 Conjurations
 + Level 2.0 Hexes
 + Level 2.0 Summonings
 + Level 2.0 Necromancy
 + Level 5.8 Translocations
 + Level 2.0 Transmutations
 + Level 2.0 Fire Magic
 + Level 2.0 Ice Magic
 + Level 2.0 Air Magic
 + Level 2.0 Earth Magic
 + Level 2.0 Poison Magic
 + Level 2.8 Invocations
 + Level 2.5 Evocations


You had 15 spell levels left.
You knew the following spells:

 Your Spells              Type           Power      Damage    Failure   Level
a - Blink                 Tloc           36%        N/A       2%          2

Your spell library contained the following spells:

 Spells                   Type           Power      Damage    Failure   Level
 Gell's Gravitas          Tloc           18%        N/A       5%          3
 Lesser Beckoning         Tloc           18%        N/A       5%          3
 Teleport Other           Tloc           18%        N/A       5%          3
 Scorch                   Fire           18%        2d5       13%         2
 Manifold Assault         Tloc           18%        N/A       45%         5
 Flame Wave               Conj/Fire      9%         2d5       65%         4
 Summon Cactus Giant      Summ           4%         N/A       100%        6


Dungeon Overview and Level Annotations

Branches:
Dungeon (4/15)
 Temple: D:4-7

Altars:
Ashenzari

Shops:
D:2 [=?*

Annotations:
D:3 1 runed translucent door, exclusions: door and 1 more exclusion, Zero0's ghost, amateur HOFi


Innate Abilities, Weirdness & Mutations

You have very sharp teeth.
Your uncanny sense of smell can sniff out nearby items.
Your experience applies equally to all skills.


Message History

The arrow freezes the orc.
You kill the orc!
Your +1 shortbow of freezing stops glowing.
Your +2 dagger of venom begins to drip with poison!
s - a +2 dagger of venom (weapon)
Unknown command.
The orc hits you with a +0 club.
The orc priest hits you with a +2 falchion of electrocution.
You hit the orc priest. You bite the orc priest.
The orc priest is moderately wounded.
The orc hits you with a +0 club. The orc priest misses you.
You closely miss the orc priest.
You bite the orc priest, but do no damage.
The orc priest is moderately wounded.
The orc barely misses you.
The orc priest hits you with a +2 falchion of electrocution.
You are electrocuted!
You hit the orc priest but do no damage.
Your punch misses the orc priest.
The orc priest is moderately wounded.
The orc misses you.
The orc priest hits you with a +2 falchion of electrocution.
You are electrocuted!
* * * LOW HITPOINT WARNING * * *
Casting: Blink (safe; 2% risk of failure)
Confirm with . or Enter, or press ? or * to list all spells.
You blink.
Your +2 dagger of venom stops dripping with poison.
Your +1 shortbow of freezing is covered in frost.
F - a +1 shortbow of freezing (weapon)
Unknown command.
Fire: 22 arrows
Press: ? - help, Q - select action, (/) - cycle Shift-Dir - straight line, f/p - orc priest
Aim: an orc priest, wielding a +2 falchion of electrocution and wearing a +0 scale mail (moderately wounded, 64% to hit)
You shoot an arrow. The arrow hits the orc priest.
The arrow freezes the orc priest.
The orc priest is heavily wounded.
The orc priest calls down the wrath of Beogh upon you.
Beogh smites you!
You die...

#(.# #(.# ∆
#(.# #..# #..#
# ###oo##.#
#.......#
#.#..#### ∆ ∆
#.#@.# #.#..#
... #.#..# #.#
#.#..# #.#
#.#..# #.#
########.#..#
#.#
#...........#
#.#
##.###.####.##
#.####...##.#
#.##


You could see an orc priest and an orc.

Vanquished Creatures
  Edmund (D:4)
  A sky beast (D:4)
  A necrophage (D:4)
  An ogre (D:4)
  Crazy Yiuf (D:2)
  A hound (D:4)
  Robin (D:3)
  4 gnolls
  5 adders
  A white imp (D:4)
  A worm (D:3)
  3 dart slugs
  4 orcs
  4 bats
  4 endoplasms
  2 giant cockroaches
  16 goblins
  17 hobgoblins
  5 quokkas
  4 ball pythons
  4 frilled lizards
  11 kobolds
  8 rats
100 creatures vanquished.

Vanquished Creatures (others)
  2 withered plants (D:3)
2 creatures vanquished.

Grand Total: 102 creatures vanquished

Notes
Turn   | Place    | Note
-------+----------+-------------------------------------------
     0 | D:1      | Ablot the Gnoll Warper began the quest for the Orb.
     0 | D:1      | Reached XP level 1. HP: 20/20 MP: 6/6
   131 | D:1      | Reached XP level 2. HP: 26/26 MP: 7/7
   134 | D:1      | Learned a level 2 spell: Blink
   612 | D:1      | Reached XP level 3. HP: 26/31 MP: 9/9
   750 | D:1      | Reached skill level 5 in Spellcasting
   784 | D:1      | Found a faded altar of an unknown god.
  1047 | D:2      | Found Wairug's Assorted Antiques.
  1065 | D:2      | Bought a murky brown potion for 24 gold pieces
  1065 | D:2      | Bought a black potion for 24 gold pieces
  1065 | D:2      | Bought an amethyst potion for 24 gold pieces
  1081 | D:2      | Reached skill level 1 in Invocations
  1312 | D:2      | Found a broken altar of Ashenzari.
  1322 | D:2      | Reached skill level 1 in Short Blades
  1322 | D:2      | Reached skill level 1 in Long Blades
  1322 | D:2      | Reached skill level 1 in Axes
  1322 | D:2      | Reached skill level 1 in Maces & Flails
  1322 | D:2      | Reached skill level 1 in Staves
  1322 | D:2      | Reached skill level 1 in Slings
  1322 | D:2      | Reached skill level 1 in Bows
  1322 | D:2      | Reached skill level 1 in Crossbows
  1322 | D:2      | Reached skill level 1 in Stealth
  1322 | D:2      | Reached skill level 1 in Shields
  1322 | D:2      | Reached skill level 1 in Unarmed Combat
  1322 | D:2      | Reached skill level 1 in Evocations
  1323 | D:2      | Found Giguvag's Magic Scroll Boutique.
  1354 | D:2      | Found Pakuokk's Jewellery Shop.
  1431 | D:2      | Found a runed translucent door.
  1476 | D:2      | Found Wicw's Armour Boutique.
  1636 | D:3      | Reached XP level 4. HP: 29/38 MP: 11/11
  2043 | D:2      | Reached skill level 1 in Conjurations
  2043 | D:2      | Reached skill level 1 in Hexes
  2043 | D:2      | Reached skill level 1 in Summonings
  2043 | D:2      | Reached skill level 1 in Necromancy
  2043 | D:2      | Reached skill level 1 in Transmutations
  2043 | D:2      | Reached skill level 1 in Fire Magic
  2043 | D:2      | Reached skill level 1 in Ice Magic
  2043 | D:2      | Reached skill level 1 in Air Magic
  2043 | D:2      | Reached skill level 1 in Earth Magic
  2043 | D:2      | Reached skill level 1 in Poison Magic
  2461 | D:3      | Reached XP level 5. HP: 42/43 MP: 12/12
  2488 | D:3      | Noticed Robin
  2517 | D:3      | Killed Robin
  3094 | D:3      | Found a runed translucent door.
  3094 | D:3      | Noticed Zero0's ghost (amateur HOFi)
  3476 | D:2      | Noticed Crazy Yiuf
  3487 | D:2      | Killed Crazy Yiuf
  3581 | D:4      | Noticed an ogre
  3621 | D:4      | Noticed a sky beast
  3624 | D:4      | Noticed Edmund
  3655 | D:4      | Killed Edmund
  3656 | D:4      | Reached skill level 5 in Fighting
  3656 | D:4      | Reached skill level 5 in Polearms
  3656 | D:4      | Reached skill level 5 in Dodging
  3656 | D:4      | Reached XP level 6. HP: 10/51 MP: 14/14
  3678 | D:4      | Killed a sky beast
  3927 | D:4      | Noticed a necrophage
  3937 | D:4      | Killed a necrophage
  3938 | D:4      | Reached XP level 7. HP: 56/56 MP: 15/15
  4497 | D:4      | Killed from afar by an orc priest

Illustrated notes

Levels and vault maps discovered:
D:1:      dpeg_arrival_refuge, layout_basic, chequers_ecumenical_altar_grove
D:2:      layout_rooms, basic_altar, serial_shops, shop, shop, shop,
          nicolae_shop_trees, uniq_crazy_yiuf_cottage
D:3:      corexii_shack_village, layout_basic, demons_altar,
          gammafunk_ghost_grave, minivault_24, uniq_robin
D:4:      layout_loops_ring, mainiacjoe_overflow_catwalk,
          chequers_serial_rivers_marsh, uniq_edmund

Skill      XL: |  1  2  3  4  5  6  7 |
---------------+----------------------+-----
Spellcasting   | 5 |  5.6
Invocations    | 1 2 |  2.8
Short Blades   | 1 2 |  2.5
Long Blades    | 1 2 |  2.5
Axes           | 1 2 |  2.5
Maces & Flails | 1 2 |  2.5
Staves         | 1 2 |  2.5
Slings         | 1 2 |  2.5
Bows           | 1 2 |  2.5
Crossbows      | 1 2 |  2.5
Stealth        | 1 2 |  2.5
Shields        | 1 2 |  2.5
Unarmed Combat | 1 2 |  2.5
Evocations     | 1 2 |  2.5
Conjurations   | 1 2 |  2.0
Hexes          | 1 2 |  2.0
Summonings     | 1 2 |  2.0
Necromancy     | 1 2 |  2.0
Transmutations | 1 2 |  2.0
Fire Magic     | 1 2 |  2.0
Ice Magic      | 1 2 |  2.0
Air Magic      | 1 2 |  2.0
Earth Magic    | 1 2 |  2.0
Poison Magic   | 1 2 |  2.0
Throwing       | 3 |  3.6
Armour         | 3 |  3.6
Fighting       | 5 |  5.2
Polearms       | 5 |  5.2
Dodging        | 5 |  5.2
Translocations | |  5.8

Action                   |  1- 3 |  4- 6 |  7- 9 || total
-------------------------+-------+-------+-------++-------
Melee: Spear             |   125 |       |       ||   125
       Bite              |    14 |    16 |     5 ||    35
       Dagger            |    10 |   140 |    43 ||   193
       Punch             |     1 |     7 |     2 ||    10
       Flail             |       |     3 |       ||     3
 Fire: Shortbow          |       |       |     6 ||     6
 Cast: Blink             |       |       |     1 ||     1
 Stab: Sleeping          |     1 |       |     1 ||     2
Armor: Leather armour    |    24 |    23 |     8 ||    55
Dodge: Dodged            |    62 |    78 |    23 ||   163
